 Dungeon Crawl Stone Soup version 0.18.1-48-g4cf74bf (webtiles) character file.

3578 Iskender the Cleaver (level 9, 46/59 HPs)
             Began as a Mummy Artificer on Aug 10, 2016.
             Was an Initiate of Gozag.
             Quit the game on level 8 of the Dungeon.
             The game lasted 01:01:05 (9181 turns).

Iskender the Cleaver (Mummy Artificer)              Turns: 9181, Time: 01:01:05

Health: 46/59      AC: 15    Str: 15    XL:     9   Next: 84%
Magic:  12/12      EV: 10    Int:  6    God:    Gozag
Gold:   973        SH:  0    Dex: 10    Spells: 0 memorised, 8 levels left

rFire  . . .     SeeInvis .     a - +1 hand axe (elec)
rCold  + . .     Gourm    .     x - +3 ring mail
rNeg   + + +     Faith    .     (no shield)
rPois  ∞         Spirit   .     u - +0 helmet
rElec  .         Dismiss  .     z - +2 cloak
rCorr  .         Reflect  .     r - +2 pair of gloves "Zaugiehu" {rPois Int-5 Dex-5 Stlth+}
SustAt .         Harm     .     (no boots)
MR     +....                    (no amulet)
Stlth  ++........               f - ring of protection from fire
                                h - +6 ring of slaying

@: gold aura, somewhat resistant to hostile enchantments, unstealthy
A: no food or potions, fire vulnerability, cold resistance 1, negative energy
resistance 3, torment resistance, unbreathing
a: Potion Petition, Call Merchant, Bribe Branch, Renounce Religion


You were on level 8 of the Dungeon.
You worshipped Gozag.
Gozag was noncommittal.
You were not hungry.

You visited 2 branches of the dungeon, and saw 9 of its levels.

You collected 1029 gold pieces.
You paid 56 gold pieces to Gozag.

Inventory:

Hand Weapons
 a - a +1 hand axe of electrocution (weapon)
 b - a +0 hunting sling
 k - a +0 spear
 o - a +2 dagger of freezing
 A - a +0 war axe
Missiles
 l - 117 stones
 t - 37 sling bullets
 y - 5 curare-tipped needles
 B - 23 poisoned needles
 E - 12 tomahawks (quivered)
Armour
 j - a +0 leather armour of fire resistance
 r - the +2 pair of gloves "Zaugiehu" (worn) {rPois Int-5 Dex-5 Stlth+}
   (You found it on level 5 of the Dungeon)

   It affects your intelligence (-5).
   It affects your dexterity (-5).
   It protects you from poison.
   It makes you more stealthy.
 u - a +0 helmet (worn)
 x - a +3 ring mail (worn)
 z - a +2 cloak (worn)
 F - a +0 buckler
 I - the cursed +6 large shield of Ignorance {rN+ AC+2 EV+2 Int-6 *Curse}
   (You found it on level 7 of the Dungeon)

   It affects your AC (+2).
   It affects your evasion (+2).
   It affects your intelligence (-6).
   It protects you from negative energy.
   It may re-curse itself when equipped.
   It has a curse placed upon it.
 J - a +2 chain mail of fire resistance
Jewellery
 f - a ring of protection from fire (right hand)
 h - a +6 ring of slaying (left hand)
 i - an uncursed ring of see invisible
Wands
 c - a wand of flame (11/48)
 d - a wand of enslavement (15/24)
 e - a wand of random effects (13/48)
 H - a wand of flame (34/48)
 K - a wand of lightning (4/15)
 L - a wand of acid (11/15)
 M - a wand of random effects (19/48)
Scrolls
 g - 4 scrolls of remove curse
 m - a scroll of immolation
 n - 2 scrolls of enchant armour
 p - 3 scrolls of identify
 q - a scroll of blinking
 s - a scroll of amnesia
 v - a scroll of recharging
 w - a scroll of fear
 C - 4 scrolls of teleportation
 D - a scroll of magic mapping
 G - a scroll of enchant weapon


   Skills:
 - Level 1.0 Fighting
 - Level 0.7 Short Blades
 + Level 10.9(11.0) Axes
   Level 1.8(7.2) Maces & Flails
 - Level 1.5 Dodging
 - Level 2.1 Stealth
 - Level 4.0 Evocations


You had 8 spell levels left.
You didn't know any spells.

Dungeon Overview and Level Annotations

Branches:
Dungeon (8/15)             Temple (1/1) D:5            Lair (0/8) D:8

Altars:
Ashenzari
Cheibriados
Dithmenos
Elyvilon
Fedhas
Gozag
Kikubaaqudgha
Makhleb
Nemelex Xobeh
Okawaru
Pakellas
Qazlal
Ru
Sif Muna
Trog
Vehumet
Xom
Yredelemnul
Zin
The Shining One

Shops:
D:5 :

Annotations:
D:3 smzp's ghost, amateur OpTm
D:4 loom's ghost, amateur DDFi


Innate Abilities, Weirdness & Mutations

You do not eat or drink.
Your flesh is vulnerable to fire.
You are immune to poison.
Your flesh is cold resistant.
You are immune to negative energy.
You are immune to unholy pain and torment.
You can survive without breathing.


Message History

You now have 955 gold pieces (gained 17).
You see here 20 stones.
l - 117 stones (gained 20)
An ice beast comes into view.
The helpless ice beast fails to defend itself.
You hit the ice beast.
The ice beast is lightly wounded.
The ice beast barely misses you.
You hit the ice beast.
There is a sudden explosion of sparks!
You kill the ice beast!
You now have 973 gold pieces (gained 18).
Found an emerald potion.
A jackal comes into view.
Save game and exit?
Welcome back, Iskender the Mummy Artificer.
Gozag says: Greed is good.
Press ? for a list of commands and other information.
Search for what [? for help]?
Okay, then.
Are you sure you want to abandon this character and quit the game? (Confirm with "yes".)

#... .h ##.. ..
##.# .. #... #.
#..# #. #######
#... #. ##!....##
#.##
#.####..###..###.#
#.@.....# #......#
######..###..#####
#.......#
#....##.#
#.......#
#########


You could see a jackal (sleeping).

Vanquished Creatures
  A human (D:8)
  2 hogs (D:8)
  2 porcupines (D:8)
  4 orc warriors
  An ice beast (D:8)
  2 sky beasts
  3 phantoms
  An ogre (D:8)
  A centaur (D:7)
  2 giant frogs (D:8)
  A scorpion (D:8)
  5 killer bees (D:8)
  3 wights (D:8)
  A howler monkey (D:6)
  A crimson imp (D:5)
  A giant frog zombie (D:5)
  4 jellies
  2 hounds
  6 orc priests
  12 orc wizards
  An iguana (D:7)
  A hell rat (D:8)
  4 worker ants
  2 sheep (D:8)
  A hound skeleton (D:6)
  A howler monkey skeleton (D:4)
  10 adders
  2 river rats (D:8)
  An adder zombie (D:3)
  2 adder skeletons
  2 worms (D:3)
  3 dart slugs
  3 giant geckos
  44 orcs
  3 ball pythons
  3 giant cockroaches (D:2)
  10 hobgoblins
  23 jackals
  8 kobolds
  5 quokkas
  7 bats
  A giant gecko skeleton (D:4)
  A giant gecko zombie (D:5)
  3 giant newts
  7 goblins
  A jackal skeleton (D:7)
  2 quokka skeletons
  3 rats
209 creatures vanquished.

Vanquished Creatures (collateral kills)
  A wight (D:8)
1 creature vanquished.

Vanquished Creatures (others)
  A giant frog (D:8)
1 creature vanquished.

Grand Total: 211 creatures vanquished

Notes
Turn   | Place    | Note
--------------------------------------------------------------
     0 | D:1      | Iskender the Mummy Artificer began the quest for the Orb.
     0 | D:1      | Reached XP level 1. HP: 15/15 MP: 2/2
   239 | D:1      | Reached XP level 2. HP: 9/21 MP: 4/4
   757 | D:1      | Reached skill level 1 in Stealth
  1017 | D:1      | Reached XP level 3. HP: 20/26 MP: 5/5
  1412 | D:2      | Found a snail-covered altar of Cheibriados.
  1716 | D:2      | Reached XP level 4. HP: 30/32 MP: 6/6
  1792 | D:2      | Reached skill level 1 in Maces & Flails
  3160 | D:3      | Reached XP level 5. HP: 34/37 MP: 8/8
  3445 | D:3      | Noticed smzp's ghost (amateur OpTm)
  3719 | D:4      | Noticed a phantom
  3948 | D:4      | Reached skill level 1 in Axes
  4205 | D:4      | Reached skill level 2 in Axes
  4205 | D:4      | Reached XP level 6. HP: 39/43 MP: 9/9
  4330 | D:4      | Noticed loom's ghost (amateur DDFi)
  4387 | D:4      | Reached skill level 3 in Axes
  5443 | D:5      | Entered Level 5 of the Dungeon
  5454 | D:5      | Got a pair of fine gloves
  5460 | D:5      | Identified the +2 pair of gloves "Zaugiehu" {rPois Int-5 Dex-5 Stlth+} (You found it on level 5 of the Dungeon)
  5560 | D:5      | Found a shattered altar of Ashenzari.
  5611 | D:5      | Found Luemif's Book Emporium.
  5781 | D:5      | Found a staircase to the Ecumenical Temple.
  5790 | Temple   | Entered the Ecumenical Temple
  5810 | Temple   | Became a worshipper of Gozag Ym Sagoz the Greedy
  5917 | D:5      | Reached skill level 4 in Axes
  5953 | D:5      | Reached XP level 7. HP: 44/48 MP: 10/10
  6375 | D:5      | Reached skill level 5 in Axes
  6690 | D:6      | Found a glowing silver altar of Zin.
  6708 | D:6      | Reached skill level 6 in Axes
  6815 | D:6      | Found a blossoming altar of Fedhas.
  6883 | D:6      | Found an ancient bone altar of Kikubaaqudgha.
  7247 | D:7      | Reached XP level 8. HP: 54/54 MP: 11/11
  7313 | D:7      | Found a stormy altar of Qazlal.
  7613 | D:7      | Reached skill level 7 in Axes
  8391 | D:7      | Reached skill level 8 in Axes
  8627 | D:8      | Reached XP level 9. HP: 57/59 MP: 12/12
  8635 | D:8      | Reached skill level 9 in Axes
  8760 | D:8      | Reached skill level 10 in Axes
  8781 | D:8      | Found a staircase to the Lair.
  8782 | D:8      | Noticed a komodo dragon
  8993 | D:8      | Found a sacrificial altar of Ru.
  9181 | D:8      | Quit the game

Skill      XL: |  1  2  3  4  5  6  7  8  9 |
---------------+----------------------------+-----
Evocations     | 3 4 |  4.0
Stealth        | 1 2 |  2.1
Maces & Flails | 1 |  1.8
Axes           | 2 4 6 8 10 | 10.9
Fighting       | |  1.0
Short Blades   | |  0.7
Dodging        | |  1.5

Action                   |  1- 3 |  4- 6 |  7- 9 || total
-------------------------+-------+-------+-------++-------
Melee: Short sword       |    12 |       |       ||    12
       Mace              |   154 |     9 |       ||   163
       Whip              |       |   236 |       ||   236
       Hand axe          |       |    81 |   237 ||   318
 Fire: Hunting sling     |       |    24 |    71 ||    95
Throw: Stone             |    21 |    56 |     1 ||    78
       Tomahawk          |       |       |     4 ||     4
Invok: Potion Petition   |       |       |     1 ||     1
Evoke: Wand              |     2 |     4 |     9 ||    15
  Use: Scroll            |       |     7 |     6 ||    13
 Stab: Sleeping          |       |     1 |     3 ||     4
       Distracted        |       |       |     2 ||     2
Armor: Leather armour    |     5 |    11 |     3 ||    19
       Ring mail         |    71 |    94 |   100 ||   265
Dodge: Dodged            |    99 |   173 |    86 ||   358
